 Dungeon Crawl Stone Soup version 0.28.0-53-g5a82cb258f (webtiles) character file.

Game seed: 13248846457232635112

22142 issech the Tortoise (level 12, 0/99 HPs)
             Began as a Minotaur Monk on May 26, 2022.
             Was a High Priest of Hepliaklqana.
             Shot with an arrow by Nessos (4 damage)
             ... on level 12 of the Dungeon.
             The game lasted 01:24:44 (18442 turns).

issech the Tortoise (Minotaur Monk)                Turns: 18442, Time: 01:24:45

Health: 0/99       AC: 26    Str: 24    XL:     12   Next: 60%
Magic:  11/11      EV: 11    Int:  7    God:    Hepliaklqana [*****.]
Gold:   869        SH:  0    Dex: 24    Spells: 11/11 levels left

rFire   . . .      SeeInvis .   j - +7 hand axe "Giant's Nightmare" {vorpal, rC- Will+ Dex+10}
rCold   x . .      Faith    .   (no shield)
rNeg    . . .      Spirit   .   u - +4 plate armour
rPois   .          Reflect  .   (helmet restricted)
rElec   .          Harm     .   O - +0 cloak
rCorr   .          Rampage  .   P - +0 pair of gloves
Will    +....                   (no boots)
Stlth   ..........              k - amulet of the acrobat
HPRegen 0.00/turn               Q - ring of flight
MPRegen 0.12/turn               w - +6 ring of strength

@: mighty, lethally poisoned (0 -> -29), flying, inhibited regen, studying
Armour
A: reduced essence, horns 2, retaliatory headbutt, iridescent scales 1, clumsy
1, inhibited regeneration
a: Renounce Religion, Recall Ancestor, Ancestor Identity, Transference, Idealise


You were on level 12 of the Dungeon.
You worshipped Hepliaklqana.
Hepliaklqana was extremely pleased with you.
You visited 2 branches of the dungeon, and saw 13 of its levels.
You also visited: Sewer, Bailey and Gauntlet.

You collected 921 gold pieces.
You spent 52 gold pieces at shops.

Inventory:

Hand Weapons
 d - a +1 war axe of venom
 j - the +7 hand axe "Giant's Nightmare" (weapon) {vorpal, rC- Will+ Dex+10}
   (You found it on level 5 of the Dungeon)

   It inflicts extra damage upon your enemies.
   Dex:       It affects your dexterity (+10).
   rC:        It makes you vulnerable to cold.
   Will:      It increases your willpower.
 p - the +13 scythe of Curses {drain, Drain}
   (You took it off a hobgoblin in a bailey)

   A truly terrible weapon, it drains the life of any living foe it strikes.
   It inflicts powerful necromantic curses on any living foe it strikes.
   Drain:     It drains your maximum health when unequipped.
 Y - a +0 arbalest
Missiles
 f - a throwing net
 i - 325 stones
 l - 404 arrows
 m - 24 poisoned darts
 s - 7 javelins
 C - 103 sling bullets
 F - 9 boomerangs (quivered)
 G - 78 bolts
Armour
 a - a +3 leather armour of cold resistance
 e - a scarf of harm
 g - a +1 robe of willpower
 u - a +4 plate armour (worn)
 A - a +2 leather armour of fire resistance
 E - a +0 kite shield
 O - a +0 cloak (worn)
 P - a +0 pair of gloves (worn)
Jewellery
 k - an amulet of the acrobat (around neck)
 r - a ring of wizardry
 w - a +6 ring of strength (right hand)
 z - a ring of willpower
 J - an amulet of magic regeneration
 L - the ring "Ysuhysm" {rPois rF- rN+++ Slay-6 SInv}
   (You took it off a minotaur in a Gauntlet)

   [ring of see invisible]

   Slay:      It affects your accuracy & damage with ranged weapons and melee
   (-6).
   rF:        It makes you vulnerable to fire.
   rPois:     It protects you from poison.
   rN:        It renders you almost immune to negative energy.
   SInv:      It lets you see invisible.
 Q - a ring of flight (left hand)
 V - a ring of poison resistance
Wands
 b - a wand of digging (1)
 y - a wand of flame (40)
 B - a wand of iceblast (19)
 K - a wand of polymorph (6)
 M - a wand of mindburst (28)
 T - a wand of paralysis (12)
 X - a wand of acid (29)
Scrolls
 h - 8 scrolls of teleportation
 q - a scroll of magic mapping
 t - 6 scrolls of blinking
 v - a scroll of summoning
 H - 3 scrolls of fear
 R - a scroll of amnesia
 S - a scroll of fog
Potions
 c - 4 potions of haste
 o - 6 potions of curing
 x - 2 potions of might
 D - a potion of cancellation
 I - a potion of flight {unknown}
 N - 2 potions of invisibility {unknown}
 U - 3 potions of heal wounds
 W - 2 potions of magic {unknown}
Miscellaneous
 n - a condenser vane
 Z - a box of beasts


   Skills:
 + Level 11.1 Fighting
 + Level 14.4(15.0) Axes
 + Level 7.1(11.7) Maces & Flails
 + Level 4.7 Crossbows
 + Level 4.2 Throwing
 + Level 15.4 Armour
 + Level 5.2 Dodging
 + Level 4.2 Stealth
 + Level 1.2 Shields


You had 11 spell levels left.
You didn't know any spells.
Your spell library contained the following spells:

 Spells                   Type           Power      Damage    Failure   Level
 Slow                     Hex            0%         N/A       98%         1
 Ensorcelled Hibernation  Hex/Ice        0%         N/A       99%         2
 Scorch                   Fire           0%         2d5       99%         2
 Static Discharge         Conj/Air       0%         N/A       99%         2
 Sublimation of Blood     Necr           0%         N/A       99%         2
 Confusing Touch          Hex            0%         N/A       100%        3
 Gell's Gravitas          Tloc           0%         N/A       100%        3
 Teleport Other           Tloc           0%         N/A       100%        3
 Vampiric Draining        Necr           0%         2d6       100%        3
 Flame Wave               Conj/Fire      0%         2d4       100%        4
 Lightning Bolt           Conj/Air       0%         1d11      100%        5
 Dispersal                Tloc           0%         N/A       100%        6
 Summon Cactus Giant      Summ           0%         N/A       100%        6
 Maxwell's Capacitive Co  Air            0%         ∞         100%        8


Dungeon Overview and Level Annotations

Branches:
Dungeon (12/15)            Temple (1/1) D:7            Lair (0/6) D:8
    Orc (0/2) D:9           Sewer (visited)          Bailey (visited)
Gauntlet (visited)

Altars:
Ashenzari
Cheibriados
Dithmenos
Elyvilon
Fedhas
Gozag
Hepliaklqana
Kikubaaqudgha
Makhleb
Nemelex Xobeh
Okawaru
Qazlal
Ru
Sif Muna
Trog
Uskayaw
Vehumet
Wu Jian
Xom
Yredelemnul
Zin
The Shining One

Shops:
D:2 ?   D:8 (

Annotations:
D:12 Nessos


Innate Abilities, Weirdness & Mutations

Your life essence is reduced to manifest your ancestor. (-10% HP)
You have a pair of horns on your head.
You reflexively headbutt those who attack you in melee.
You are partially covered in iridescent scales. (AC +2)
You are clumsy. (Dex -2)
You do not regenerate when monsters are visible.


Message History

You feel very sick.
Nessos shoots an arrow.
The arrow misses you.
Nessos shoots an arrow.
The arrow hits you! The arrow burns you.
You are more poisoned.
Nomusa points at Nessos and mumbles some strange words.
The puff of frost hits Nessos!
You feel extremely sick.
Nessos shoots an arrow.
The arrow hits Nomusa!!
The arrow burns Nomusa.
Nomusa is destroyed!
Nessos stands on their hind legs for a moment.
You slash Nessos! You headbutt Nessos, but do no damage.
Nessos is moderately wounded.
* * * LOW HITPOINT WARNING * * *
You feel very sick.
Nessos unwields a +3 longbow of flaming.
It stops flaming.
Nessos hits you but does no damage. Nessos barely misses you.
You hit Nessos but do no damage.
Nessos is moderately wounded.
You feel very sick.
Nessos pounds the earth with their hooves.
Nessos hits you but does no damage. Nessos closely misses you.
Nessos misses you. You furiously retaliate!
You headbutt Nessos. Nessos kicks you but does no damage.
You slash Nessos! You headbutt Nessos, but do no damage.
Nessos is heavily wounded.
You feel very sick.
Nessos drinks a potion.
Nessos is healed!
You hit Nessos.
Nessos is heavily wounded.
You feel sick. Nessos hits you but does no damage. Nessos misses you.
You feel very mighty all of a sudden.
* * * LOW HITPOINT WARNING * * *
You feel very sick.
Nessos gestures wildly while chanting.
Nessos blinks!
Nessos wields a +3 longbow of flaming.
It bursts into flame!
Nessos shoots an arrow.
The arrow hits you!
* * * LOW HITPOINT WARNING * * *
The arrow burns you.
You are more poisoned.
You die...

##......#..#########
.....
#####'##..###.##..#.....#
#.....#...........#.....+
+.....#...........#.....#
########'####.#####.....#
#).#####......# #...#
#......# # +)..# #......#
#.. #..#####@.....#
#....##..#.c.§......#
.........'..........#
.........#..........#
#######..#......(...+
#..#..........#
#..#....####....
####....+ ...<# ......#
....#


You could see Nessos (fast).

Vanquished Creatures
  A minotaur (Gauntlet)
  Erica (D:11)
  2 two-headed ogres
  A soul eater (Gauntlet)
  3 orc knights (Bailey)
  A centaur zombie (D:10)
  Maggie (D:7)
  3 kobold demonologists
  A troll (D:11)
  4 slime creatures (D:7)
  A raiju (Gauntlet)
  4 flying skulls (Gauntlet)
  3 small abominations (Gauntlet)
  A vampire (D:10)
  A wyvern (D:10)
  Eustachio (D:6)
  8 yaks
  A steam dragon (Gauntlet)
  A warg (D:9)
  An acid dragon (D:9)
  A sky beast (D:5)
  13 orc warriors
  2 ice beasts
  3 ogres (D:5)
  2 necrophages (D:5)
  8 centaurs
  3 kobold brigands
  2 scorpions
  2 bullfrogs
  2 gnoll sergeants
  A wyvern skeleton (D:7)
  11 wights
  3 howler monkeys
  3 electric eels (Bailey)
  A bullfrog zombie (D:6)
  6 orc priests
  A jelly (D:5)
  2 bullfrog skeletons
  A centaur skeleton (D:6)
  An iguana (D:5)
  Natasha (thrice) (D:3)
  12 orc wizards
  2 killer bee zombies (D:8)
  A hound skeleton (D:4)
  Robin (D:4)
  8 gnolls
  2 howler monkey skeletons
  8 adders
  A river rat (D:3)
  6 shadow imps
  6 white imps
  An ufetubus (D:5)
  4 worms
  4 dart slugs
  46 orcs
  23 ball pythons
  17 endoplasms
  6 giant cockroaches
  23 goblins
  15 hobgoblins
  4 jackals
  10 quokkas
  10 bats
  11 frilled lizards
  15 kobolds
  4 rats
351 creatures vanquished.

Vanquished Creatures (collateral kills)
  3 two-headed ogres
  Sonja (D:10)
  2 large abominations (Gauntlet)
  An orc knight (Bailey)
  A manticore (D:11)
  An ugly thing (D:11)
  A minotaur zombie (Gauntlet)
  2 slime creatures (D:7)
  2 wraiths
  2 flying skulls (Gauntlet)
  4 yaks (D:8)
  A steam dragon (D:8)
  2 orc warriors
  An ice beast (D:7)
  A sky beast (D:7)
  A necrophage (D:7)
  A black bear (D:7)
  4 centaurs
  A killer bee (D:8)
  2 wights
  An electric eel (Bailey)
  3 howler monkeys
  A centaur zombie (D:8)
  An orc priest (D:9)
  4 gnolls
  4 orcs
  A goblin (Bailey)
  2 hobgoblins (Bailey)
  2 kobolds (D:11)
53 creatures vanquished.

Vanquished Creatures (others)
  9 battlemagi
  A gnoll (D:11)
  3 fungi (Gauntlet)
  14 plants (Gauntlet)
27 creatures vanquished.

Grand Total: 431 creatures vanquished

Notes
Turn   | Place    | Note
-------+----------+-------------------------------------------
     0 | D:1      | issech the Minotaur Monk began the quest for the Orb.
     0 | D:1      | Reached XP level 1. HP: 19/19 MP: 0/0
   595 | D:1      | Reached XP level 2. HP: 25/27 MP: 1/1
   996 | D:1      | Reached XP level 3. HP: 33/34 MP: 2/2
  1191 | D:1      | Reached skill level 1 in Maces & Flails
  1967 | D:2      | Reached XP level 4. HP: 37/41 MP: 3/3
  2064 | D:2      | Found Booc Peu's Magic Scroll Boutique.
  2372 | D:3      | Reached skill level 1 in Armour
  2580 | D:3      | Noticed Natasha
  2585 | D:3      | Killed Natasha
  2605 | D:3      | Noticed Natasha
  2632 | D:3      | Killed Natasha
  2633 | D:3      | Reached XP level 5. HP: 29/47 MP: 4/4
  2838 | D:3      | Found a faded altar of an unknown god.
  2850 | D:3      | Reached skill level 2 in Armour
  2907 | D:3      | Found a glowing drain.
  2941 | Sewer    | Entered a sewer
  3188 | Sewer    | Reached XP level 6. HP: 44/55 MP: 5/5
  3397 | Sewer    | Reached skill level 5 in Fighting
  3397 | Sewer    | Reached skill level 3 in Armour
  3655 | D:3      | Noticed Natasha
  3663 | D:3      | Killed Natasha
  4078 | D:4      | Noticed Robin
  4138 | D:4      | Killed Robin
  4648 | D:4      | Reached skill level 5 in Maces & Flails
  5455 | D:5      | Entered Level 5 of the Dungeon
  5487 | D:5      | Noticed a sky beast
  5513 | D:5      | Killed a sky beast
  5514 | D:5      | Reached skill level 4 in Armour
  5514 | D:5      | Reached XP level 7. HP: 38/61 MP: 6/6
  5639 | D:5      | Identified the +7 hand axe "Giant's Nightmare" {vorpal, rC-
                  | Will+ Dex+10}
  5904 | D:5      | Reached skill level 5 in Armour
  6056 | D:5      | Reached skill level 1 in Throwing
  6142 | D:5      | Reached XP level 8. HP: 22/70 MP: 7/7
  6570 | D:5      | Reached skill level 6 in Armour
  7121 | D:6      | Noticed Eustachio
  7139 | D:6      | Killed Eustachio
  7140 | D:6      | Reached skill level 5 in Axes
  7695 | D:6      | Reached skill level 7 in Armour
  7964 | D:5      | Reached XP level 9. HP: 41/78 MP: 8/8
  8446 | D:6      | Found an ancient bone altar of Kikubaaqudgha.
  8836 | D:7      | Found a staircase to the Ecumenical Temple.
  8851 | Temple   | Entered the Ecumenical Temple
  8889 | Temple   | Became a worshipper of Hepliaklqana the Forgotten
  8889 | Temple   | Reached * piety under Hepliaklqana
  8889 | Temple   | Reached ** piety under Hepliaklqana
  8890 | Temple   | Remembered your ancestor Nomusa as a battlemage
  9087 | D:7      | Noticed Maggie
  9095 | D:7      | Killed Maggie
  9096 | D:7      | Reached skill level 8 in Armour
  9265 | D:7      | Found a glowing golden altar of the Shining One.
  9432 | D:7      | Reached skill level 9 in Armour
  9773 | D:7      | Reached XP level 10. HP: 66/79 MP: 9/9
  9946 | D:7      | Reached skill level 10 in Axes
 10143 | D:7      | Found a sparkling altar of Nemelex Xobeh.
 10641 | D:8      | Reached skill level 10 in Armour
 10683 | D:8      | Found Haexuin's Weapon Emporium.
 10836 | D:2      | Bought a scroll of identify for 26 gold pieces
 10836 | D:2      | Bought a scroll of identify for 26 gold pieces
 11077 | D:8      | Found a staircase to the Lair.
 11907 | D:8      | Reached *** piety under Hepliaklqana
 12163 | D:9      | Found a burning altar of Makhleb.
 12163 | D:9      | Noticed a cacodemon
 12196 | D:9      | Reached skill level 1 in Crossbows
 12401 | D:9      | Found a staircase to the Orcish Mines.
 12433 | D:9      | Noticed a two-headed ogre
 12440 | D:9      | Killed a two-headed ogre
 12454 | D:9      | Reached XP level 11. HP: 57/84 MP: 10/10
 12533 | D:9      | Found a flagged portal.
 12543 | Bailey   | Entered a bailey
 12686 | Bailey   | Noticed an orc knight
 12691 | Bailey   | Reached skill level 11 in Armour
 12738 | Bailey   | Killed an orc knight
 12755 | Bailey   | Noticed an orc knight
 12768 | Bailey   | Killed an orc knight
 12891 | Bailey   | Noticed an orc knight
 12975 | Bailey   | Killed an orc knight
 13167 | Bailey   | Noticed an orc knight
 13206 | Bailey   | Killed an orc knight
 13378 | Bailey   | Found an iron altar of Okawaru.
 14020 | D:9      | Found a sacrificial altar of Ru.
 14403 | D:9      | Acquired a manual of Armour
 14502 | D:10     | Entered Level 10 of the Dungeon
 14509 | D:10     | Found a blossoming altar of Fedhas.
 14509 | D:10     | Found a radiant altar of Vehumet.
 14527 | D:10     | Found a hide-covered altar of Uskayaw.
 14684 | D:10     | Reached skill level 5 in Dodging
 14740 | D:10     | Noticed Sonja
 14752 | D:10     | Reached skill level 12 in Armour
 14757 | D:10     | Killed Sonja
 15297 | D:10     | Reached **** piety under Hepliaklqana
 15432 | D:10     | Gained mutation: You are clumsy. (Dex -2) [potion of
                  | mutation]
 15432 | D:10     | Gained mutation: You do not regenerate when monsters are
                  | visible. [potion of mutation]
 15432 | D:10     | Gained mutation: You are partially covered in iridescent
                  | scales. (AC +2) [potion of mutation]
 15456 | D:10     | Noticed a two-headed ogre
 15462 | D:10     | Killed a two-headed ogre
 15755 | D:11     | Reached skill level 10 in Fighting
 15762 | D:11     | Noticed Erica
 15772 | D:11     | Killed Erica
 15773 | D:11     | Reached skill level 13 in Armour
 15787 | D:11     | Noticed a green ugly thing
 15796 | D:11     | Killed a green ugly thing
 15850 | D:11     | Found a gate leading to a gauntlet.
 16066 | Gauntlet | Entered a Gauntlet
 16066 | Gauntlet | Noticed a hell hog
 16066 | Gauntlet | Found a transporter.
 16066 | Gauntlet | Found a transporter.
 16067 | Gauntlet | Found a transporter.
 16067 | Gauntlet | Found a transporter.
 16067 | Gauntlet | Noticed a soul eater
 16071 | Gauntlet | Found a transporter.
 16076 | Gauntlet | Noticed a large abomination
 16083 | Gauntlet | Found a transporter.
 16092 | Gauntlet | Found a transporter.
 16099 | Gauntlet | Found a transporter.
 16100 | Gauntlet | Found a transporter.
 16107 | Gauntlet | Found a transporter.
 16108 | Gauntlet | Found a transporter.
 16122 | Gauntlet | Noticed a green death
 16246 | Gauntlet | Reached ***** piety under Hepliaklqana
 16255 | Gauntlet | Found a transporter.
 16365 | Gauntlet | Killed a soul eater
 16366 | Gauntlet | Reached XP level 12. HP: 75/95 MP: 11/11
 16614 | Gauntlet | Reached skill level 14 in Armour
 16750 | Gauntlet | Identified the ring "Ysuhysm" {rPois rF- rN+++ Slay-6 SInv}
 16750 | Gauntlet | Noticed a minotaur
 16757 | Gauntlet | Killed a minotaur
 17168 | D:11     | Noticed a two-headed ogre
 17176 | D:11     | Killed a two-headed ogre
 17394 | D:11     | Noticed a two-headed ogre
 17399 | D:11     | Killed a two-headed ogre
 17400 | D:11     | Reached skill level 15 in Armour
 17400 | D:11     | Reached skill level 1 in Shields
 17451 | D:11     | Got The Foundations of Rites and Rhymes
 18097 | D:11     | Noticed a two-headed ogre
 18103 | D:11     | Killed a two-headed ogre
 18427 | D:12     | Noticed Nessos
 18442 | D:12     | HP: 4/99 [Nessos/arrow (13)]
 18442 | D:12     | Shot with an arrow by Nessos

Illustrated notes

Levels and vault maps discovered:
D:1:      wheals_arrival_shading, layout_basic
D:2:      layout_loops_cross, serial_shops, shop_statue, nicolae_wormholes
D:3:      layout_loops_ring, shapermc_ecumenical_altar_notcrosses,
          cheibrodos_sewer_entry_sluice, uniq_natasha
D:4:      layout_layer_cave, uniq_robin
D:5:      layout_loops_ring, serial_glass, glass_columns_b, glass_columns_b,
          nrook_pool_corridor
D:6:      layout_cave_pools, lemuel_zombie_altar_kikubaaqudgha,
          serial_co_window_serial, co_window_corner_a, co_window_corner_a,
          co_window_of_opportunity_a, co_window_paths_a, co_window_corner_a,
          co_window_corner_a, co_window_corner_ca, co_window_unsneaky_path_a,
          co_window_2corner, co_window_paths_c, glass_columns_b, uniq_eustachio
D:7:      layout_basic, nicolae_tso_carved_into_rock,
          nemelex_diamond_rough_becter, minmay_temple_entry_glassed_door,
          minivault_24, uniq_maggie
D:8:      layout_layer_cave, lair_entry_dummy, serial_shops, shop,
          minmay_quadrilaterals
D:9:      layout_basic, makhleb_altar_promises_db, nicolae_ru_path_of_blood,
          david_orc_1_choice, enter_bailey_3
D:10:     layout_roguey, grunt_temple_overflow_open, uniq_sonja
D:11:     layout_roguey, gauntlet_entry_generic, centaur_isle, uniq_erica
D:12:     layout_gridville, uniq_psyche, uniq_nessos
Temple:   nicolae_temple_great_sept

Skill      XL: |  1  2  3  4  5  6  7  8  9 10 11 12 |
---------------+-------------------------------------+-----
Fighting       | 4 5 6 7 8 10 11 | 11.1
Axes           | 4 7 9 11 13 14 | 14.4
Maces & Flails | 1 3 4 5 7 |  7.1
Stealth        | 2 3 4 |  4.2
Armour         | 1 2 4 5 7 9 10 13 15 | 15.4
Dodging        | 4 5 |  5.2
Throwing       | 1 2 4 |  4.2
Crossbows      | 2 4 |  4.7
Shields        | 1 |  1.2

Action                   |  1- 3 |  4- 6 |  7- 9 | 10-12 || total
-------------------------+-------+-------+-------+-------++-------
Melee: Hand axe          |    25 |       |   161 |   337 ||   523
       Headbutt          |     8 |    42 |    42 |    79 ||   171
       Punch             |     1 |       |     1 |     5 ||     7
       Whip              |    64 |   266 |    12 |       ||   342
 Fire: Arbalest          |       |       |       |    55 ||    55
Throw: Stone             |       |     2 |     8 |     5 ||    15
       Boomerang         |       |       |       |    43 ||    43
Invok: Ancestor Life: Ba |       |       |     1 |       ||     1
  Use: Scroll            |       |       |       |    16 ||    16
       Potion            |       |       |       |     9 ||     9
 Stab: Sleeping          |     2 |       |       |       ||     2
       Distracted        |       |       |       |     8 ||     8
Armor: Robe              |     3 |       |       |       ||     3
       Ring mail         |    20 |     3 |       |       ||    23
       Chain mail        |       |   153 |    31 |       ||   184
       Plate armour      |       |       |    10 |   146 ||   156
Dodge: Dodged            |    53 |    94 |    78 |   261 ||   486
Block: Kite shield       |       |       |       |    16 ||    16
